 Dungeon Crawl Stone Soup version 0.28.0-47-ge53b351184 (webtiles) character file.

Game seed: 6334379020304269876

3670 AwesomestEgon the Spear-Bearer (level 10, -2/76 HPs)
             Began as a Merfolk Gladiator on Apr 4, 2022.
             Was an Elder of Cheibriados.
             Slain by an orc warrior
             ... wielding a +2 broad axe of venom
              (16 damage)
             ... on level 8 of the Dungeon on Apr 25, 2022.
             The game lasted 00:39:41 (8966 turns).

AwesomestEgon the Spear-Bearer (Merfolk Gladiator)  Turns: 8966, Time: 00:39:41

Health: -2/76      AC: 10    Str: 28    XL:     10   Next: 12%
Magic:  10/10      EV: 15    Int: 22    God:    Cheibriados [****..]
Gold:   342        SH:  6    Dex: 25    Spells: 9/9 levels left

rFire   + . .      SeeInvis .   O - +2 long sword (holy)
rCold   . . .      Faith    .   f - +0 buckler
rNeg    . . .      Spirit   .   w - +3 chain mail {rF+}
rPois   .          Reflect  .   J - +0 helmet
rElec   .          Harm     .   (no cloak)
rCorr   .          Rampage  .   k - +0 pair of gloves
Will    +....      Rage     1%  (no boots)
Stlth   +.........              (no amulet)
HPRegen 1.02/turn               p - ring of willpower
MPRegen 0.12/turn               C - +6 ring of intelligence

@: lethally poisoned (-2 -> -17), very slow
A: (nimble swimmer 2), mertail, berserk 1, deformed body, regeneration 1, sturdy
frame 1
a: Renounce Religion, Bend Time, Temporal Distortion, Slouch


You were on level 8 of the Dungeon.
You worshipped Cheibriados.
Cheibriados was greatly pleased with you.
You visited 1 branch of the dungeon, and saw 8 of its levels.

You collected 342 gold pieces.

Inventory:

Hand Weapons
 a - a +0 trident
 h - a +0 short sword
 j - a +0 club
 r - a +0 dagger of venom
 t - a +0 flail
 u - the +7 hunting sling of Might {speed, rElec}
   (You found it on level 5 of the Dungeon)

   Attacks with this weapon are significantly faster.
   rElec:     It insulates you from electricity.
   Cheibriados disapproves of the use of such an item.
 z - a +0 shortbow
 D - a +0 long sword
 F - a +0 giant spiked club
 I - a +0 broad axe
 L - a +0 dagger
 O - a +2 long sword of holy wrath (weapon)
Missiles
 d - 5 throwing nets
 e - 10 boomerangs (quivered)
 g - 244 stones
 n - 60 bolts
 A - 47 sling bullets
 K - a curare-tipped dart
 N - 73 arrows
Armour
 b - a +0 leather armour
 c - a +0 helmet
 f - a +0 buckler (worn)
 k - a +0 pair of gloves (worn)
 v - +0 steam dragon scales
 w - a +3 chain mail of fire resistance (worn)
 y - a +0 plate armour
 J - a +0 helmet (worn)
 Q - a +2 robe of resistance
 S - a +1 chain mail of fire resistance
Magical Staves
 l - a staff of death
Jewellery
 p - a ring of willpower (left hand)
 x - a ring of poison resistance
 C - a +6 ring of intelligence (right hand)
Wands
 B - a wand of polymorph (4)
 G - a wand of digging (6)
 P - a wand of iceblast (15)
 T - a wand of flame (19)
Scrolls
 i - 2 scrolls of silence
 E - 3 scrolls of teleportation
 M - a scroll of summoning
 R - 2 scrolls of fog
Potions
 m - a potion of lignification
 o - a potion of heal wounds
 q - a potion of degeneration
 s - 3 potions of curing
 H - a potion of magic
 U - a potion of mutation


   Skills:
 + Level 5.8 Fighting
 + Level 3.5 Long Blades
 + Level 13.7 Polearms
 + Level 3.3 Throwing
 + Level 2.3 Armour
 + Level 7.5 Dodging
 + Level 4.2 Stealth
 + Level 4.2 Shields


You had 9 spell levels left.
You didn't know any spells.
Your spell library contained the following spells:

 Spells                   Type           Power      Damage    Failure   Level
 Freeze                   Ice            0%         1d3       63%         1
 Call Canine Familiar     Summ           0%         N/A       94%         3
 Dazzling Flash           Conj/Hex       0%         N/A       94%         3
 Frozen Ramparts          Ice            0%         1d2       94%         3
 Gell's Gravitas          Tloc           0%         N/A       94%         3
 Ozocubu's Armour         Ice            0%         N/A       94%         3
 Teleport Other           Tloc           0%         N/A       94%         3
 Hailstorm                Conj/Ice       0%         3d3       100%        4
 Summon Forest            Summ/Tloc      0%         N/A       100%        5
 Dispersal                Tloc           0%         N/A       100%        6
 Ozocubu's Refrigeration  Ice            0%         4d5       100%        7
 Discord                  Hex            0%         N/A       100%        8


Dungeon Overview and Level Annotations

Branches:
Dungeon (8/15)             Temple (0/1) D:7
   Lair: D:8-11

Altars:
Cheibriados
Dithmenos
Elyvilon
Gozag
Hepliaklqana
Trog
Wu Jian
The Shining One


Innate Abilities, Weirdness & Mutations

((You are very nimble when in or above water. (Stealth+, EV+, Speed+++)))
Your lower body shifts to a powerful aquatic tail in water.
You tend to lose your temper in combat.
Armour fits poorly on your strangely shaped body.
Your natural rate of healing is unusually fast.
Your movements are slightly less encumbered by armour. (ER -2)


Message History

You slash the orc warrior!
The orc warrior is moderately wounded.
The orc wizard gestures wildly while chanting.
The orc wizard flickers and vanishes!
Deactivating autopickup; reactivate with Ctrl-A.
The orc warrior hits you but does no damage.
You are poisoned.
You hit the orc warrior but do no damage.
The orc warrior is moderately wounded.
You feel sick.
The orc warrior hits you with a +2 broad axe of venom!
You are more poisoned.
You hit the orc warrior but do no damage.
The orc warrior is moderately wounded.
You feel very sick.
The orc warrior hits you with a +2 broad axe of venom!
You are more poisoned.
You hit the orc warrior.
The orc warrior is heavily wounded.
You feel extremely sick.
The orc warrior hits you with a +2 broad axe of venom.
You are more poisoned.
The orc warrior closely misses you.
You barely miss the orc warrior.
The orc warrior is heavily wounded.
You feel extremely sick. You block the orc warrior's attack.
You barely miss the orc warrior.
The orc warrior is heavily wounded.
You feel extremely sick.
The orc warrior hits you with a +2 broad axe of venom.
* * * LOW HITPOINT WARNING * * *
You are lethally poisoned!
You closely miss the orc warrior.
The orc warrior is heavily wounded.
* * * LOW HITPOINT WARNING * * *
You feel extremely sick. You block the orc warrior's attack.
The orc warrior hits you with a +2 broad axe of venom!
You die...

#.#........# #....
#.#........# #.... ##
#.#........# #.... ..
#.#........###....
##.#.##.#...............
#.......................
#.#..#.########........
# #.# ######+## #@# #o#
#{# #o# #.# #.# #.# ..#


You could see an orc warrior and an orc.

Vanquished Creatures
  Maggie (D:6)
  A wyvern (D:6)
  A shadow (D:7)
  A steam dragon (D:6)
  2 water moccasins
  2 sky beasts
  An orc warrior (D:8)
  5 ice beasts
  A black bear (D:5)
  A necrophage (D:5)
  An ogre (D:6)
  2 centaurs
  A phantom (D:4)
  A kobold brigand (D:6)
  A bullfrog (D:7)
  Blork the orc (D:5)
  3 scorpions
  A water moccasin skeleton (D:4)
  2 bullfrog zombies (D:5)
  7 hounds
  2 jellies
  A centaur zombie (D:7)
  A bullfrog skeleton (D:4)
  3 orc priests
  A centaur skeleton (D:3)
  A gnoll shaman (D:8)
  5 iguanas
  5 orc wizards
  A hound skeleton (D:4)
  A howler monkey zombie (D:5)
  9 gnolls
  12 adders
  A shadow imp (D:7)
  A white imp (D:5)
  An adder skeleton (D:4)
  3 worms
  A dart slug (D:4)
  10 orcs
  6 endoplasms
  4 giant cockroaches
  6 goblins
  5 hobgoblins
  3 jackals (D:2)
  3 quokkas
  4 ball pythons
  6 bats
  2 frilled lizards
  11 kobolds
  4 rats
149 creatures vanquished.

Vanquished Creatures (others)
  An orc (D:6)
1 creature vanquished.

Grand Total: 150 creatures vanquished

Notes
Turn   | Place    | Note
-------+----------+-------------------------------------------
     0 | D:1      | AwesomestEgon the Merfolk Gladiator began the quest for the
                  | Orb.
     0 | D:1      | Reached XP level 1. HP: 16/16 MP: 1/1
   272 | D:1      | Reached XP level 2. HP: 5/22 MP: 2/2
   978 | D:1      | Reached skill level 5 in Polearms
  1395 | D:1      | Reached XP level 3. HP: 27/27 MP: 3/3
  2146 | D:2      | Found a snail-covered altar of Cheibriados.
  2154 | D:2      | Became a worshipper of Cheibriados the Contemplative
  2175 | D:2      | Gained mutation: Your movements are slightly less
                  | encumbered by armour. (ER -2) [potion of mutation]
  2175 | D:2      | Gained mutation: You tend to lose your temper in combat.
                  | [potion of mutation]
  2175 | D:2      | Gained mutation: Your flesh is cold resistant. (rC+)
                  | [potion of mutation]
  2175 | D:2      | Gained mutation: Your mind is acute. (Int +2) [potion of
                  | mutation]
  2264 | D:2      | Reached XP level 4. HP: 33/33 MP: 4/4
  2332 | D:2      | Reached skill level 1 in Armour
  3033 | D:3      | Reached skill level 6 in Polearms
  3064 | D:3      | Upgraded the game from 0.28.0-45-g0d030f2227 to
                  | 0.28.0-47-ge53b351184
  3076 | D:3      | Found a faded altar of an unknown god.
  3507 | D:3      | Reached XP level 5. HP: 36/39 MP: 5/5
  3618 | D:4      | Reached skill level 7 in Polearms
  3779 | D:4      | Reached skill level 1 in Stealth
  3803 | D:4      | Noticed a phantom
  3807 | D:4      | Killed a phantom
  3807 | D:4      | Reached * piety under Cheibriados
  3808 | D:4      | Reached skill level 5 in Dodging
  3808 | D:4      | Reached XP level 6. HP: 46/46 MP: 6/6
  3984 | D:4      | Got the Almanac of Beguiling and Companions
  4105 | D:4      | Reached skill level 8 in Polearms
  4222 | D:4      | Noticed an ice beast
  4239 | D:4      | Killed an ice beast
  4241 | D:4      | Reached XP level 7. HP: 25/52 MP: 7/7
  4541 | D:4      | Reached skill level 1 in Shields
  5072 | D:4      | Reached skill level 9 in Polearms
  5449 | D:5      | Entered Level 5 of the Dungeon
  5768 | D:5      | Reached XP level 8. HP: 36/60 MP: 8/8
  5969 | D:5      | Reached ** piety under Cheibriados
  6010 | D:5      | Noticed Blork the orc
  6018 | D:5      | Killed Blork the orc
  6019 | D:5      | Reached skill level 10 in Polearms
  6381 | D:5      | Reached skill level 11 in Polearms
  6472 | D:5      | Found a snail-covered altar of Cheibriados.
  6472 | D:5      | Found a glowing golden altar of the Shining One.
  6564 | D:5      | Identified the +7 hunting sling of Might {speed, rElec}
  6686 | D:5      | Lost mutation: Your mind is acute. (Int +2) [potion of
                  | mutation]
  6686 | D:5      | Lost mutation: Your flesh is cold resistant. (rC+) [potion
                  | of mutation]
  6686 | D:5      | Gained mutation: Armour fits poorly on your strangely
                  | shaped body. [potion of mutation]
  6686 | D:5      | Gained mutation: Your natural rate of healing is unusually
                  | fast. [potion of mutation]
  6890 | D:6      | Noticed a wyvern
  6898 | D:6      | Reached XP level 9. HP: 67/67 MP: 9/9
  6902 | D:6      | Reached skill level 5 in Fighting
  6911 | D:6      | Reached skill level 12 in Polearms
  7259 | D:6      | Reached *** piety under Cheibriados
  7288 | D:6      | Noticed Maggie
  7307 | D:6      | Killed Maggie
  7525 | D:6      | Reached skill level 13 in Polearms
  7800 | D:7      | Found a shadowy altar of Dithmenos.
  7807 | D:7      | Found a staircase to the Ecumenical Temple.
  7869 | D:7      | Found a white marble altar of Elyvilon.
  7871 | D:7      | Found a hazy altar of Hepliaklqana.
  7871 | D:7      | Found an opulent altar of Gozag.
  7871 | D:7      | Found a bloodstained altar of Trog.
  7874 | D:7      | Found an ornate altar of the Wu Jian Council.
  8029 | D:7      | Reached skill level 1 in Long Blades
  8173 | D:7      | Reached **** piety under Cheibriados
  8220 | D:7      | Reached XP level 10. HP: 76/76 MP: 10/10
  8966 | D:8      | Slain by an orc warrior

Illustrated notes

Levels and vault maps discovered:
D:1:      minmay_arrival_three_doors, layout_basic, minmay_worlds_worst_comb
D:2:      layout_basic, basic_altar
D:3:      layout_basic, basic_ecumenical_altar
D:4:      wad_pebble_path, layout_loops_ring, grunt_ministairs_8,
          grunt_decor_junction, roderic_serpentine_path,
          minmay_stone_trees_medium, serial_bayou_pond_d, hangedman_glass_teeth
D:5:      layout_basic, gammafunk_temple_overflow_elements, uniq_blork_the_orc
D:6:      layout_cave_pods, uniq_maggie
D:7:      layout_loops_cross, mainiacjoe_overflow_tiny_flanked,
          grunt_temple_overflow_open, minmay_temple_entry_enclosed_plants
D:8:      layout_basic, st_stairs_13, chequers_serial_rivers_large_b

Skill      XL: |  1  2  3  4  5  6  7  8  9 10 |
---------------+-------------------------------+-----
Polearms       | 5 6 7 8 9 11 13 | 13.7
Armour         | 1 2 |  2.3
Stealth        | 1 2 3 4 |  4.2
Dodging        | 5 6 7 |  7.5
Fighting       | 3 4 5 |  5.8
Shields        | 1 2 3 4 |  4.2
Throwing       | 3 |  3.3
Long Blades    | 2 3 |  3.5

Action                   |  1- 3 |  4- 6 |  7- 9 | 10-12 || total
-------------------------+-------+-------+-------+-------++-------
Melee: Trident           |   104 |   154 |   274 |       ||   532
       Long sword        |       |       |    56 |    50 ||   106
Throw: Throwing net      |     1 |       |       |       ||     1
       Stone             |       |       |     8 |       ||     8
       Boomerang         |       |       |    15 |       ||    15
Evoke: Wand              |       |       |     1 |       ||     1
  Use: Potion            |     2 |     1 |     3 |       ||     6
       Scroll            |     3 |     5 |    10 |     1 ||    19
 Stab: Sleeping          |     1 |     2 |     6 |       ||     9
Armor: Leather armour    |    38 |    36 |    27 |       ||   101
       Chain mail        |       |       |    47 |    14 ||    61
       Skin              |       |       |    12 |       ||    12
Dodge: Dodged            |   104 |   104 |   195 |    31 ||   434
Block: Buckler           |       |    26 |    71 |    15 ||   112
